 Dungeon Crawl Stone Soup version 0.28.0-45-g0d030f2227 (webtiles) character file.

Game seed: 16598739812945216297

96 croobank the Firebug (level 4, 0/33 HPs)
             Began as a Draconian Fire Elementalist on Apr 4, 2022.
             Slain by Crazy Yiuf
             ... wielding a +4 quarterstaff of chaos
              (10 damage)
             ... on level 3 of the Dungeon.
             The game lasted 00:07:18 (3210 turns).

croobank the Firebug (Draconian Fire Elementalist)  Turns: 3210, Time: 00:07:19

Health: 0/33       AC:  5    Str: 10    XL:     4   Next: 41%
Magic:  1/7        EV: 12    Int: 18    God:
Gold:   99         SH:  0    Dex: 11    Spells: 1/8 levels left

rFire   . . .      SeeInvis .   b - +1 dagger (freeze)
rCold   . . .      Faith    .   (no shield)
rNeg    . . .      Spirit   .   (armour unavailable)
rPois   .          Reflect  .   (helmet restricted)
rElec   .          Harm     .   (no cloak)
rCorr   .          Rampage  .   (no gloves)
Will    .....                   (no boots)
Stlth   ++........              (no amulet)
HPRegen 0.11/turn               (no ring)
MPRegen 0.10/turn               (no ring)

@: lethally poisoned (0 -> -13)
A: AC +5, unfitting armour, cold-blooded
a: no special abilities


You were on level 3 of the Dungeon.
You visited 1 branch of the dungeon, and saw 3 of its levels.

You collected 154 gold pieces.
You spent 55 gold pieces at shops.

Inventory:

Hand Weapons
 b - a +1 dagger of freezing (weapon)
 k - a +0 short sword
 l - a +0 dagger of holy wrath
Missiles
 c - 73 stones
 g - 19 bolts
 i - 50 arrows
 o - 4 poisoned darts
Wands
 m - a wand of paralysis (11)
Scrolls
 a - a scroll of identify
 e - 2 scrolls of teleportation
 f - a scroll of vulnerability {unknown}
 p - a scroll of blinking {unknown}
Potions
 d - a potion of invisibility
 h - 2 potions of heal wounds
 j - a potion of brilliance
 n - a potion of ambrosia


   Skills:
 + Level 2.4 Dodging
 + Level 2.5 Stealth
 + Level 2.6 Spellcasting
 + Level 2.0 Conjurations
 + Level 3.5 Fire Magic


You had one spell level left.
You knew the following spells:

 Your Spells              Type           Power      Damage    Failure   Level
a - Foxfire               Conj/Fire      48%        2x1d6     5%          1
b - Scorch                Fire           30%        2d6       6%          2
c - Flame Wave            Conj/Fire      12%        2d6       47%         4

Your spell library contained the following spells:

 Spells                   Type           Power      Damage    Failure   Level
 Conjure Flame            Conj/Fire      12%        6-21      16%         3
 Inner Flame              Hex/Fire       8%         N/A       24%         3


Dungeon Overview and Level Annotations

Branches:
Dungeon (3/15)

Altars:
Sif Muna

Shops:
D:2 !

Annotations:
D:3 Crazy Yiuf


Innate Abilities, Weirdness & Mutations

Your plain brown scales are hard. (AC +5)
You cannot fit into any form of body armour.
You are cold-blooded and may be slowed by cold attacks.


Message History

Crazy Yiuf says, "I'm not crazy!"
You open the door.
Your surroundings suddenly seem different.
You see here a +0 dagger.
You see here a hobgoblin skeleton.
Crazy Yiuf shouts!
Crazy Yiuf whimpers, "Orb leg Hive!"
Casting: Scorch (safe; 6% risk of failure)
Confirm with . or Enter, or press ? or * to list all spells.
You conjure some foxfire!
This spell is potentially lethal to cast!
Memorise Flame Wave, consuming 4 spell levels and leaving 1?
You start memorising the spell.
You continue memorising.
Your foxfire dissipates!
Crazy Yiuf laughs, "Shower!
Orb light turtle."
You continue memorising. x2
Crazy Yiuf barely misses you.
You continue memorising.
Crazy Yiuf closely misses you.
You finish memorising.
Spell assigned to 'c'.
Casting: Foxfire (safe; 5% risk of failure)
Confirm with . or Enter, or press ? or * to list all spells.
Flames lash Crazy Yiuf.
Crazy Yiuf is lightly wounded.
Crazy Yiuf's fire resistance burns away.
Crazy Yiuf yells, "Rot snockshim high!"
Crazy Yiuf hits you with a +4 quarterstaff of chaos!
You are poisoned.
Casting: Scorch (safe; 6% risk of failure)
Confirm with . or Enter, or press ? or * to list all spells.
Flames lash Crazy Yiuf.
Crazy Yiuf is burned terribly!
Crazy Yiuf is severely wounded.
You feel very sick.
Crazy Yiuf hits you with a +4 quarterstaff of chaos!
Casting: Scorch (safe; 6% risk of failure)
Confirm with . or Enter, or press ? or * to list all spells.
Flames lash Crazy Yiuf but do no damage.
You feel very sick.
Crazy Yiuf hits you with a +4 quarterstaff of chaos!
You die...

..### ##..#.#############
.g'.####......##.........#
..##..#.......##.#######.#
#**###.#...#.............#
#######.....#######.#
#.......# #.# ### ###
####..#.# #.# #.# #.#
#.g#.# #.# #.#
####.######.@#.# #.#
#.###............#.# #.#
..........####.....#####.#
##.##.##..####รท..........#
##.##.##.........#######.#
##.##.##..####.#.######..#
##.##.##..............#.##
..........)....#.####.#.#
##.#####.#######.# #.#.#


You could see Crazy Yiuf (combustible).

Vanquished Creatures
  3 adders (D:2)
  A white imp (D:3)
  3 dart slugs
  7 endoplasms
  5 giant cockroaches
  5 goblins
  3 hobgoblins
  2 jackals (D:1)
  12 ball pythons
  5 bats
  2 frilled lizards
  5 kobolds
  A rat (D:1)
54 creatures vanquished.

Vanquished Creatures (others)
  82 foxfires
82 creatures vanquished.

Grand Total: 136 creatures vanquished

Notes
Turn   | Place    | Note
-------+----------+-------------------------------------------
     0 | D:1      | croobank the Draconian Fire Elementalist began the quest
                  | for the Orb.
     0 | D:1      | Reached XP level 1. HP: 14/14 MP: 3/3
    82 | D:1      | Reached XP level 2. HP: 20/20 MP: 5/5
   635 | D:1      | Found a faded altar of an unknown god.
   870 | D:1      | Learned a level 2 spell: Scorch
  1772 | D:2      | Found Gowkun's Distillery.
  1784 | D:2      | Bought a potion of heal wounds for 55 gold pieces
  1810 | D:2      | Reached XP level 3. HP: 26/26 MP: 2/6
  2187 | D:2      | Found a shimmering blue altar of Sif Muna.
  2298 | D:2      | Reached XP level 4. HP: 33/33 MP: 4/7
  3160 | D:3      | Found a runed translucent door.
  3166 | D:3      | Noticed Crazy Yiuf
  3208 | D:3      | Learned a level 4 spell: Flame Wave
  3210 | D:3      | Slain by Crazy Yiuf

Illustrated notes

Levels and vault maps discovered:
D:1:      tarquinn_simple_flora_water_c, layout_basic,
          hellmonk_ecumenical_altar_crossroads, minivault_27
D:2:      layout_basic, basic_altar, serial_shops, shop
D:3:      layout_loops_ring, uniq_crazy_yiuf_cottage

Skill      XL: |  1  2  3  4 |
---------------+-------------+-----
Stealth        | 2 |  2.5
Dodging        | 2 |  2.4
Conjurations   | 2 |  2.0
Spellcasting   | |  2.6
Fire Magic     | |  3.5

Action                   |  1- 3 |  4- 6 || total
-------------------------+-------+-------++-------
Melee: Unarmed           |    28 |       ||    28
       Tailslap          |     6 |       ||     6
       Dagger            |    15 |     1 ||    16
 Cast: Foxfire           |    40 |    11 ||    51
       Scorch            |     9 |    12 ||    21
  Use: Scroll            |       |     5 ||     5
Armor: Skin              |    27 |     1 ||    28
Dodge: Dodged            |    59 |     3 ||    62
